 Dungeon Crawl Stone Soup version 0.31.0-9-g3a7656b989 (webtiles) character file.

Game seed: 8872689841019074459

108 qw the Skirmisher (level 4, -5/25 HPs)
             Began as a Deep Elf Hunter on Feb 2, 2024.
             Killed by divine providence
             ... invoked by an orc priest
              (14 damage)
             ... on level 4 of the Dungeon.
             The game lasted 00:00:08 (1876 turns).

qw the Skirmisher (Deep Elf Hunter)                 Turns: 1876, Time: 00:00:09

Health: -5/25      AC:  8    Str: 10    XL:     4   Next: 58%
Magic:  6/6        EV: 16    Int: 14    God:
Gold:   197        SH:  0    Dex: 18    Spells: 3/3 levels left

rFire   . . .        a - +2 shortbow
rCold   . . .        (shield currently unavailable)
rNeg    . . .        l - +0 ring mail
rPois   .            e - +1 helmet
rElec   .            j - +0 cloak
rCorr   .            (no gloves)
SInv    .            (no boots)
Will    .....        (no amulet)
Stlth   +            p - +5 ring of evasion
HPRegen 0.24/turn    (no ring)
MPRegen 0.10/turn

%: no passive effects
@: no status effects
A: no striking features
a: no special abilities


You were on level 4 of the Dungeon.
You visited 1 branch of the dungeon, and saw 4 of its levels.

You collected 197 gold pieces.


   Skills:
 - Level 1.5 Fighting
 + Level 8.0 Ranged Weapons
 - Level 2.4 Dodging
 - Level 1.2 Stealth


You had 3 spell levels left.
You didn't know any spells.
Your spell library was empty.

Inventory:

Hand Weapons
 a - a +2 shortbow (weapon)
Armour
 e - a +1 helmet (worn)
 j - a +0 cloak (worn)
 l - a +0 ring mail (worn)
Jewellery
 p - a +5 ring of evasion (left hand)
Wands
 i - a wand of flame (25)
Scrolls
 f - 2 scrolls of teleportation
Potions
 d - a potion of mutation {unknown}
 g - a potion of haste {unknown}
 h - a potion of curing {unknown}
 o - a potion of attraction {unknown}

Dungeon Overview and Level Annotations

Branches:
Dungeon (4/15)
 Temple: D:4-7

Altars:
Xom


Message History

An orc comes into view. It is wielding a +0 dagger.
You shoot an arrow. The orc shouts!
The arrow hits the orc.
The orc is severely wounded.
An orc comes into view. It is wielding a +0 club.
The orc priest begins to cast a cantrip, but forgets the words!
An orc comes into view. It is wielding a +0 hand axe.
You shoot an arrow. The orc shouts! x2
The arrow hits the orc.
The orc is heavily wounded.
A jelly comes into view.
You shoot an arrow. The arrow closely misses the orc.
The arrow hits the orc!
You kill the orc!
You shoot an arrow. The arrow hits the orc.
The orc is severely wounded.
You shoot an arrow. The arrow hits the orc.
You kill the orc!
The orc priest looks braver for a moment.
You shoot an arrow. The arrow hits the orc!
You kill the orc!
The orc priest invokes the aid of Beogh against you.
Pain shoots through your body!
You shoot an arrow. The arrow hits the jelly.
The jelly is moderately wounded.
You shoot an arrow. The arrow hits the jelly.
The jelly is severely wounded.
The jelly misses you.
You shoot an arrow. The arrow hits the jelly.
You kill the jelly!
The orc priest calls down the wrath of Beogh upon you.
Beogh smites you!
Your Ranged Weapons skill increases to level 8!
You shoot an arrow. The arrow hits the orc priest!
The orc priest is severely wounded.
The orc priest mumbles some strange prayers to Beogh against you.
Beogh smites you!
Ouch! That really hurt!
You die...

##.## # ##.## #
##...## #.....#
##...## # ##.##
###.# #.#
......#######.#
.....oo@......#
.#...)#########
.)... .#.. #.
.. #


You could see an orc priest and an orc.

Vanquished Creatures
  A jelly (D:4)
  3 dart slugs
  A ribbon worm (D:2)
  4 orcs
  6 ball pythons
  7 endoplasms
  4 giant cockroaches
  4 goblins (D:2)
  6 hobgoblins
  3 jackals (D:1)
  6 kobolds
  A quokka (D:1)
  9 bats
  3 frilled lizards
  3 rats
61 creatures vanquished.

Vanquished Creatures (others)
  A goblin (D:3)
  A hobgoblin (D:3)
2 creatures vanquished.

Grand Total: 63 creatures vanquished

Notes
Turn   | Place    | Note
-------+----------+-------------------------------------------
     0 | D:1      | qw the Deep Elf Hunter began the quest for the Orb.
     0 | D:1      | Reached XP level 1. HP: 12/12 MP: 3/3
     0 | D:1      | 0 ||| qw: Version: 0.3-a-155-g5e7d8dd
     0 | D:1      | 0 ||| qw: Game counter: 2311
     0 | D:1      | 0 ||| qw: Melee chars always use a shield: true
     0 | D:1      | 0 ||| qw: God list: Okawaru
     0 | D:1      | 0 ||| qw: Allow faded altars: false
     0 | D:1      | 0 ||| qw: Do Orc after clearing Dungeon:15 true
     0 | D:1      | 0 ||| qw: Do second Lair branch before Depths: true
     0 | D:1      | 0 ||| qw: Lair rune preference: random
     0 | D:1      | 0 ||| qw: Goals: Normal
     0 | D:1      | 0 ||| PLANNING D:1-11
   107 | D:1      | You fall into a shaft and drop 1 floor!
   107 | D:2      | Found a faded altar of an unknown god.
   132 | D:2      | Reached skill level 6 in Ranged Weapons
   132 | D:2      | Reached XP level 2. HP: 16/16 MP: 4/4
   237 | D:2      | 237 ||| READING scroll labelled KUONEZ KIQUINALA.
   238 | D:2      | 238 ||| DROPPING scroll of butterflies.
   483 | D:1      | Reached XP level 3. HP: 20/20 MP: 5/5
   707 | D:1      | 707 ||| UPGRADING to +0 helmet.
   712 | D:1      | 712 ||| READING 2 scrolls labelled WOHYZY HOUNESI.
   717 | D:1      | 717 ||| READING 2 scrolls labelled BIOL QIKHLO.
   717 | D:1      | 717 ||| ENCHANTING +0 shortbow.
   718 | D:1      | 718 ||| READING scroll of enchant weapon.
   718 | D:1      | 718 ||| ENCHANTING +1 shortbow.
   916 | D:2      | Reached skill level 7 in Ranged Weapons
  1229 | D:2      | 1229 ||| UPGRADING to +0 cloak.
  1442 | D:3      | Found a shimmering altar of Xom.
  1445 | D:3      | Reached XP level 4. HP: 25/25 MP: 6/6
  1688 | D:3      | 1688 ||| UPGRADING to +0 ring mail.
  1698 | D:3      | 1698 ||| DROPPING +0 leather armour.
  1699 | D:3      | 1699 ||| UPGRADING to +5 ring of evasion.
  1700 | D:3      | 1700 ||| READING scroll labelled XYUTOTOA RUEGE.
  1701 | D:3      | 1701 ||| READING scroll labelled KAOKENL LITIYBB.
  1701 | D:3      | 1701 ||| ENCHANTING +0 helmet.
  1702 | D:3      | 1702 ||| READING scroll labelled ITEWIARRUUR.
  1702 | D:3      | 1702 ||| IDENTIFYING murky red potion
  1703 | D:3      | 1703 ||| DROPPING potion of lignification.
  1705 | D:3      | 1705 ||| Stepping ~*~*~tactically~*~*~ (cloud).
  1876 | D:4      | Reached skill level 8 in Ranged Weapons
  1876 | D:4      | Killed from afar by an orc priest

Levels and vault maps discovered:
D:1:      elethiomel_arrival_shortcut, layout_basic, hangedman_decor_slide_cut
D:2:      layout_basic, nicolae_ecumenical_oubliette
D:3:      layout_basic, xom_confusion_cloud
D:4:      layout_loops_corners, cheibrodos_worm_habitat, uniq_robin

Skill      XL: |  1  2  3  4 |
---------------+-------------+-----
Ranged Weapons | 6 7 8 |  8.0
Fighting       | |  1.5
Dodging        | |  2.4
Stealth        | |  1.2

Action                     |  1- 3 |  4- 6 || total
---------------------------+-------+-------++-------
   Fire: Shortbow          |   110 |    18 ||   128
    Use: Scroll            |     4 |     3 ||     7
 Armour: Leather armour    |     9 |       ||     9
  Dodge: Dodged            |    18 |     1 ||    19

Table legend:
 A = Non-vault XP
 B = Vault XP
 C = Vault XP percentage of total XP
 D = Non-vault monster count
 E = Vault monster count
 F = Vault count percentage of total count
                 A         B        C        D         E       F
            +---------+---------+-------+---------+---------+-------
      Total |     143 |      12 |   7.7 |      53 |       9 |  14.5
            +---------+---------+-------+---------+---------+-------
        D:1 |      39 |       0 |   0.0 |      20 |       0 |   0.0
        D:2 |      39 |       0 |   0.0 |      21 |       0 |   0.0
        D:3 |      14 |      12 |  46.2 |       7 |       9 |  56.2
        D:4 |      51 |       0 |   0.0 |       5 |       0 |   0.0
            +---------+---------+-------+---------+---------+-------
